[Event "Titled Tuesday Blitz June 21 Early 2022"]
[White "Li, Zhuoling"]
[Black "Vusatiuk, Vladimir"]
[WhiteFideId "8605629"]
[BlackFideId "14118610"]
[WhiteElo "2308"]
[BlackElo "2157"]
[Result "0-1"]
[Round "05"]
[TimeControl "180+1"]
[Date "2022.06.22"]
[WhiteClock "0:00:04"]
[BlackClock "0:00:49"]

1. e4 e6 2. d4 d5 3. e5 c5 4. c3 Nc6 5. Nf3 Nge7 6. Bd3 Nf5 7. Bxf5 exf5 8. O-O cxd4 9. cxd4 Be7 10. Nc3 h6 11. Re1 Be6 12. b3 g5 13. Qd3 Qd7 14. Bb2 g4 15. Nd2 f4 16. Nb5 f3 17. a4 fxg2 18. Nd6+ Bxd6 19. exd6 Qxd6 20. Ba3 Qf4 21. Bb2 h5 22. Rad1 h4 23. Qe3 Qd6 24. Qg5 Kd7 25. Nb1 Rag8 26. Qe3 g3 27. hxg3 hxg3 28. f4 Rh2 29. Nc3 Bh3 30. Qxg3 Rxg3 31. Kxh2 Qxf4 32. Nxd5 g1=Q+ 33. Rxg1 Rg2+ 34. Kxh3 Qh2# 0-1


[Site "https://www.chess.com"]

[Event "Titled Tuesday Blitz June 21 Early 2022"]
[White "Livaic, Leon"]
[Black "Kucuksari, Kaan"]
[WhiteFideId "14531534"]
[BlackFideId "6380166"]
[WhiteElo "2540"]
[BlackElo "2305"]
[Result "0-1"]
[Round "05"]
[TimeControl "180+1"]
[Date "2022.06.22"]
[WhiteClock "0:00:06"]
[BlackClock "0:00:05"]

1. e4 c6 2. d4 d5 3. Nc3 dxe4 4. Nxe4 Bf5 5. Ng3 Bg6 6. h4 h6 7. h5 Bh7 8. Nf3 Nd7 9. Bd3 Bxd3 10. Qxd3 e6 11. Bd2 Ngf6 12. O-O-O Be7 13. Kb1 O-O 14. Ne4 Nxe4 15. Qxe4 Nf6 16. Qe2 Qd5 17. c4 Qe4+ 18. Qxe4 Nxe4 19. Be3 f5 20. g3 a5 21. Nd2 Nxd2+ 22. Rxd2 Bf6 23. Kc2 Kf7 24. f3 b5 25. Kd3 Rfd8 26. cxb5 cxb5 27. Ke2 Rac8 28. g4 a4 29. Rhd1 Rd5 30. Rd3 Ke7 31. Rc3 Kd7 32. Rxc8 Kxc8 33. b3 Kd7 34. Rd3 Kd6 35. Kd2 fxg4 36. fxg4 e5 37. bxa4 bxa4 38. dxe5+ Kxe5 39. Rxd5+ Kxd5 40. Kd3 Be5 41. Bd2 Bf6 42. Bc3 Kc5 43. Bxf6 gxf6 44. Ke4 Kb4 45. Kf5 Ka3 46. Kxf6 Kxa2 47. Kg6 Kb3 48. Kxh6 a3 49. g5 a2 50. g6 a1=Q 51. Kh7 Qh1 52. h6 Qe4 53. Kg7 Qe7+ 54. Kg8 Qe6+ 55. Kh7 Qf5 56. Kg7 Qe5+ 57. Kf7 Qf4+ 58. Kg7 Kc4 59. h7 Qe5+ 60. Kh6 Qf6 61. Kh5 Qg7 0-1


[Site "https://www.chess.com"]

[Event "Titled Tuesday Blitz June 21 Early 2022"]
[White "Ljukin, Sergei"]
[Black "Carrasco Miranda, Andres"]
[WhiteFideId "14102200"]
[BlackFideId "3405990"]
[WhiteElo "2312"]
[BlackElo "2177"]
[Result "1-0"]
[Round "05"]
[TimeControl "180+1"]
[Date "2022.06.22"]
[WhiteClock "0:02:10"]
[BlackClock "0:01:47"]

1. e4 c5 2. Nf3 d6 3. d4 cxd4 4. Nxd4 Nf6 5. Nc3 a6 6. Bg5 Nbd7 7. f4 Qc7 8. Qf3 h6 9. Bxf6 Nxf6 10. f5 b5 11. O-O-O Bb7 12. Nd5 Bxd5 13. exd5 Rc8 14. Bd3 g5 15. fxg6 Bg7 16. gxf7+ Kxf7 17. Rhe1 Qd7 18. Bf5 Qa7 19. Be6+ 1-0


[Site "https://www.chess.com"]

[Event "Titled Tuesday Blitz June 21 Early 2022"]
[White "Lorente Serrano, Rosa Adela"]
[Black "Clawitter, Craig"]
[WhiteFideId "32091982"]
[BlackFideId "2023105"]
[WhiteElo "1820"]
[BlackElo "2270"]
[Result "1-0"]
[Round "05"]
[TimeControl "180+1"]
[Date "2022.06.22"]
[WhiteClock "0:00:06"]
[BlackClock "0:00:01"]

1. b3 e5 2. Bb2 Nc6 3. c4 Nf6 4. e3 a5 5. a3 g6 6. Nf3 d6 7. d3 Bg7 8. Nbd2 O-O 9. Qc2 Nd7 10. Be2 Nc5 11. Ne4 Nxe4 12. dxe4 f5 13. O-O f4 14. exf4 Rxf4 15. Rad1 Qe7 16. c5 dxc5 17. Rd5 Nd4 18. Nxd4 cxd4 19. Rc1 c6 20. Rc5 Be6 21. Bc4 Bxc4 22. Qxc4+ Qf7 23. f3 Qxc4 24. R1xc4 Kf7 25. Kf2 Ke6 26. Ra4 Bf8 27. Rcxa5 Rxa5 28. Rxa5 Kd6 29. Ke2 b6 30. Ra7 h5 31. a4 Ke6 32. Rb7 Bc5 33. Kd3 Rf7 34. Rb8 Rd7 35. Bc1 Be7 36. Rxb6 Bc5 37. Rb8 Bd6 38. Rg8 Kf6 39. h4 Rb7 40. Kc2 1-0


[Site "https://www.chess.com"]

[Event "Titled Tuesday Blitz June 21 Early 2022"]
[White "Lorne, Ras Malaku"]
[Black "Khan, Taffin"]
[WhiteFideId "7400330"]
[BlackFideId "19700024"]
[WhiteElo "2199"]
[BlackElo "2061"]
[Result "1-0"]
[Round "05"]
[TimeControl "180+1"]
[Date "2022.06.22"]
[WhiteClock "0:01:35"]
[BlackClock "0:00:03"]

1. d4 Nf6 2. Bg5 Ne4 3. Bf4 d5 4. f3 Nf6 5. c4 e6 6. Nc3 Bd6 7. Bg5 dxc4 8. e4 e5 9. Bxc4 c6 10. dxe5 Bxe5 11. Qxd8+ Kxd8 12. Bxf7 Ke7 13. Bb3 Na6 14. Nge2 Nc5 15. Bc2 b5 16. O-O-O b4 17. Na4 Nxa4 18. Bxa4 Be6 19. f4 h6 20. fxe5 hxg5 21. exf6+ gxf6 22. Kb1 Bg4 23. Rd2 c5 24. Bc6 Rac8 25. Bd5 c4 26. h3 Bh5 27. Rc1 Bg6 28. Nd4 Rhd8 29. Ka1 c3 30. bxc3 bxc3 31. Re2 1-0


[Site "https://www.chess.com"]

[Event "Titled Tuesday Blitz June 21 Early 2022"]
[White "Mahitosh, Dey"]
[Black "Hosseinzadeh, Nima"]
[WhiteFideId "25091468"]
[BlackFideId "12505323"]
[WhiteElo "1624"]
[BlackElo "2066"]
[Result "0-1"]
[Round "05"]
[TimeControl "180+1"]
[Date "2022.06.22"]
[WhiteClock "0:01:48"]
[BlackClock "0:01:41"]

1. e4 e5 2. Nf3 Nc6 3. d4 exd4 4. Nxd4 Nf6 5. Nxc6 bxc6 6. e5 Qe7 7. Qe2 Nd5 8. c4 Nb6 9. Nc3 Bb7 10. b3 O-O-O 11. Bb2 g6 12. O-O-O Bg7 13. f4 f6 14. exf6 Qxf6 15. g3 Rhe8 16. Qd2 d5 17. Bh3+ Kb8 18. Na4 Qf8 19. c5 Nxa4 20. Bxg7 Qxg7 21. bxa4 Qa1+ 22. Kc2 Qxa2+ 23. Kd3 Qc4# 0-1


[Site "https://www.chess.com"]

[Event "Titled Tuesday Blitz June 21 Early 2022"]
[White "Maiorov, Nikita"]
[Black "Kvaloy, Aksel Bu"]
[WhiteFideId "13501720"]
[BlackFideId "1528815"]
[WhiteElo "2417"]
[BlackElo "2006"]
[Result "1-0"]
[Round "05"]
[TimeControl "180+1"]
[Date "2022.06.22"]
[WhiteClock "0:00:05"]
[BlackClock "0:00:01"]

1. d4 Nf6 2. c4 e6 3. Nf3 d5 4. Nc3 Bb4 5. Bg5 h6 6. Bxf6 Qxf6 7. Qa4+ Nc6 8. e3 O-O 9. Be2 dxc4 10. O-O Bd7 11. Bxc4 Rfd8 12. Qc2 e5 13. d5 Ne7 14. Ne4 Qg6 15. Nxe5 Qf5 16. Nxf7 Kxf7 17. d6+ Kg6 18. dxe7 Bxe7 19. Bd3 Ba4 20. b3 Rxd3 21. Qxd3 Bb5 22. Qc2 Bxf1 23. Rxf1 c6 24. f3 Rf8 25. g4 Qa5 26. Nd6+ Kf6 27. Nxb7 Qb5 28. a4 Qd5 29. Rd1 Qe6 30. Nc5 Qxe3+ 31. Kh1 Qxc5 32. Qe4 Qe5 33. Qd3 Bc5 34. Rc1 Qe6 35. f4 Qd5+ 36. Qxd5 cxd5 37. Rxc5 Rd8 38. Rc6+ Kf7 39. Rc7+ Kf6 40. Kg2 d4 41. Kf2 Re8 42. Rd7 Rb8 43. Rxd4 Rxb3 44. Rd6+ Ke7 45. Ra6 Rb2+ 46. Kg3 Rb3+ 47. Kh4 Rb2 48. h3 Rb3 49. Rxa7+ Kf6 50. Ra6+ Kf7 51. f5 Ke7 52. Ra7+ 1-0


[Site "https://www.chess.com"]

[Event "Titled Tuesday Blitz June 21 Early 2022"]
[White "Makarian, Rudik"]
[Black "Przybylski, Wojciech"]
[WhiteFideId "44105681"]
[BlackFideId "1117599"]
[WhiteElo "2398"]
[BlackElo "2133"]
[Result "1-0"]
[Round "05"]
[TimeControl "180+1"]
[Date "2022.06.21"]
[WhiteClock "0:01:05"]
[BlackClock "0:00:03"]

1. d3 e5 2. e4 Nc6 3. Nf3 Nf6 4. Be2 Be7 5. O-O O-O 6. c3 d5 7. Nbd2 Re8 8. b4 a6 9. Bb2 Bf8 10. a4 d4 11. b5 dxc3 12. Bxc3 Nd4 13. Bxd4 exd4 14. Nb3 Bb4 15. e5 Ng4 16. Nfxd4 Nxe5 17. Qc2 Ng6 18. Bf3 Nh4 19. Be4 Bd6 20. g3 Ng6 21. f4 Qf6 22. Rae1 Bh3 23. Bg2 Bxg2 24. Kxg2 h5 25. bxa6 bxa6 26. Qc6 Red8 27. Re4 h4 28. Rfe1 Bf8 29. Qxf6 gxf6 30. Rd1 hxg3 31. hxg3 Rd5 32. Nc2 Rad8 33. d4 c5 34. Ne3 f5 35. Nxd5 fxe4 36. dxc5 Kg7 37. c6 f5 38. c7 Rc8 39. Nd4 Bd6 40. Nxf5+ Kf7 41. Nxd6+ 1-0


[Site "https://www.chess.com"]

[Event "Titled Tuesday Blitz June 21 Early 2022"]
[White "Manukian, Artak"]
[Black "Domingo Nunez, Ruben"]
[WhiteFideId "13301373"]
[BlackFideId "22245570"]
[WhiteElo "2471"]
[BlackElo "2376"]
[Result "0-1"]
[Round "05"]
[TimeControl "180+1"]
[Date "2022.06.22"]
[WhiteClock "0:00:06"]
[BlackClock "0:00:42"]

1. e4 g6 2. d4 Bg7 3. c4 c6 4. Nc3 e6 5. Nf3 d5 6. e5 Ne7 7. Bg5 h6 8. Bh4 g5 9. Bg3 Nf5 10. Bd3 dxc4 11. Bxc4 g4 12. Nd2 Qxd4 13. O-O h5 14. Ne2 Qc5 15. Rc1 Qb4 16. Ne4 b5 17. Bd3 Nd7 18. Rxc6 Nxe5 19. Bxe5 Bxe5 20. N4c3 Bb7 21. Bxb5 O-O 22. Rc4 Qxb2 23. Ba4 Rfd8 24. Qe1 Ba6 25. Re4 Bxc3 26. Nxc3 Bxf1 0-1


[Site "https://www.chess.com"]

[Event "Titled Tuesday Blitz June 21 Early 2022"]
[White "Martin Carmona, Gaston Manuel"]
[Black "Begunov, Konstantin"]
[WhiteFideId "22284567"]
[BlackFideId "4118510"]
[WhiteElo "2162"]
[BlackElo "2262"]
[Result "1-0"]
[Round "05"]
[TimeControl "180+1"]
[Date "2022.06.22"]
[WhiteClock "0:00:37"]
[BlackClock "0:00:05"]

1. d4 d5 2. c4 c6 3. Nc3 Nf6 4. Nf3 dxc4 5. a4 Bg4 6. Ne5 Bh5 7. f3 Nfd7 8. Nxc4 e5 9. g3 exd4 10. Qxd4 Qf6 11. Qxf6 Nxf6 12. h4 Na6 13. g4 Bg6 14. h5 Bc2 15. Be3 Bb3 16. Na5 Bc5 17. Bg5 Be6 18. Nxb7 Bb4 19. O-O-O Nd5 20. e4 Nxc3 21. bxc3 Ba3+ 22. Kc2 Nc7 23. Nd6+ Kf8 24. Nc4 Bc5 25. Bf4 Ne8 26. Be2 Ke7 27. Rb1 Bxc4 28. Rb7+ Kd8 29. Bxc4 Nd6 30. Bxd6 Bxd6 31. Rd1 Kc8 32. Ba6 Bc7 33. Rbb1# 1-0


[Site "https://www.chess.com"]

[Event "Titled Tuesday Blitz June 21 Early 2022"]
[White "Martin, Lewis"]
[Black "Ianov, Viktor"]
[WhiteFideId "410551"]
[BlackFideId "14102730"]
[WhiteElo "2145"]
[BlackElo "2152"]
[Result "0-1"]
[Round "05"]
[TimeControl "180+1"]
[Date "2022.06.22"]
[WhiteClock "0:00:03"]
[BlackClock "0:01:22"]

1. e4 d6 2. d4 Nf6 3. Nc3 Nbd7 4. Bc4 e5 5. Nf3 Be7 6. O-O O-O 7. Re1 c6 8. a4 a5 9. dxe5 dxe5 10. Bg5 Qc7 11. Qe2 Nc5 12. Rad1 Bg4 13. h3 Bh5 14. b3 Rfd8 15. Bh4 Ne8 16. g4 Bxh4 17. Nxh4 Bg6 18. Nxg6 hxg6 19. Qf3 Nd6 20. Bf1 Ne6 21. Rd2 Nd4 22. Qg3 Qe7 23. Red1 Ne8 24. Bc4 Nc7 25. Kg2 Qc5 26. Ne2 Nce6 27. c3 Nxe2 28. Rxd8+ Rxd8 29. Rxd8+ Nxd8 30. Bxe2 Ne6 31. Bf1 Nf4+ 32. Kh2 b5 33. axb5 cxb5 34. Qf3 b4 35. cxb4 axb4 36. Kg3 g5 37. h4 gxh4+ 38. Kxh4 Qc1 39. Bc4 Qg1 40. Kg5 g6 41. Kf6 Qh2 42. Bxf7+ Kh7 43. Bxg6+ Nxg6 44. Qf5 Qh6 45. g5 Qf8+ 46. Ke6 Qc8+ 47. Kf6 Qd8+ 48. Ke6 Qe7+ 49. Kd5 Qb7+ 50. Ke6 Qc6+ 51. Kf7 Qc7+ 52. Kf6 Qe7# 0-1


[Site "https://www.chess.com"]

[Event "Titled Tuesday Blitz June 21 Early 2022"]
[White "Martinez Alcantara, Jose Eduardo"]
[Black "Kosteniuk, Alexandra"]
[WhiteFideId "3805662"]
[BlackFideId "4128125"]
[WhiteElo "2703"]
[BlackElo "2469"]
[Result "1-0"]
[Round "05"]
[TimeControl "180+1"]
[Date "2022.06.21"]
[WhiteClock "0:00:21"]
[BlackClock "0:00:22"]

1. e4 e5 2. Nf3 Nc6 3. Bb5 a6 4. Ba4 Nf6 5. d3 Bc5 6. c3 O-O 7. O-O b5 8. Bb3 d5 9. Nbd2 Re8 10. exd5 Nxd5 11. Ne4 Bf8 12. Bg5 Be7 13. Re1 Bg4 14. h3 Bh5 15. Ng3 Bxg5 16. Nxh5 Bh6 17. a4 b4 18. Qc2 Rb8 19. a5 Qd6 20. Bc4 bxc3 21. bxc3 Rbd8 22. Qb3 Re7 23. Ng3 Nf4 24. Nf5 Qg6 25. Nxe7+ Nxe7 26. g3 Nxh3+ 27. Kf1 Qc6 28. Re4 Kh8 29. Nxe5 Qf6 30. Nxf7+ Kg8 31. Nxd8+ Kf8 32. Ne6+ 1-0


[Site "https://www.chess.com"]

[Event "Titled Tuesday Blitz June 21 Early 2022"]
[White "Melikhov, Evgeny V."]
[Black "Mangialardo, Tiago Carvalho"]
[WhiteFideId "4122046"]
[BlackFideId "2130718"]
[WhiteElo "1904"]
[BlackElo "2097"]
[Result "1-0"]
[Round "05"]
[TimeControl "180+1"]
[Date "2022.06.22"]
[WhiteClock "0:01:42"]
[BlackClock "0:00:01"]

1. d4 d5 2. c4 e6 3. Nc3 Nf6 4. cxd5 exd5 5. Bg5 Be7 6. e3 O-O 7. Bd3 c6 8. Qc2 h6 9. Bh4 Nbd7 10. Nf3 Re8 11. O-O Nf8 12. h3 Qc7 13. Ne5 g5 14. Bg3 Bd6 15. f4 Nh5 16. Bh2 Bxe5 17. dxe5 Ne6 18. g4 Nhg7 19. f5 Nc5 20. e6 Qb6 21. Kh1 Nxd3 22. Qxd3 fxe6 23. f6 Qc7 24. Bxc7 1-0


[Site "https://www.chess.com"]

[Event "Titled Tuesday Blitz June 21 Early 2022"]
[White "Mickiewicz, Piotr"]
[Black "Araujo Sanchez, Josue"]
[WhiteFideId "1114891"]
[BlackFideId "6416896"]
[WhiteElo "2209"]
[BlackElo "2339"]
[Result "0-1"]
[Round "05"]
[TimeControl "180+1"]
[Date "2022.06.22"]
[WhiteClock "0:00:02"]
[BlackClock "0:00:54"]

1. e4 c5 2. Nf3 e6 3. d4 cxd4 4. Nxd4 Nc6 5. Nc3 Nf6 6. g3 Bb4 7. Bg2 Bxc3+ 8. bxc3 a6 9. O-O d6 10. Nxc6 bxc6 11. Ba3 d5 12. e5 Nd7 13. Bd6 Nb6 14. Qg4 g6 15. Qf4 Nc4 16. Bc5 Qa5 17. Qf6 Qxc5 18. Qxh8+ Qf8 19. Qf6 Qe7 20. Qh8+ Qf8 21. Qxh7 Nxe5 22. Rfe1 Nc4 23. Rab1 Kd8 24. Bf1 Nd6 25. c4 dxc4 26. Qh4+ Qe7 27. Qh8+ Kc7 28. Red1 e5 29. Qh6 Be6 30. Qe3 Bd5 31. Qc5 Qe6 32. Bg2 e4 33. Bf1 Kd7 34. Bxc4 Bxc4 35. Rxd6+ Qxd6 36. Rb7+ Ke6 37. Qxc4+ Qd5 38. Qb4 Rd8 39. Qe7+ Kf5 40. Qxf7+ Qxf7 41. Rxf7+ Ke5 42. Ra7 Rd2 43. Rxa6 Rxc2 44. a4 Rc1+ 45. Kg2 Rc2 46. Kf1 g5 47. h3 Rc1+ 48. Ke2 Rc2+ 49. Ke1 e3 50. fxe3 Ke4 51. Ra5 Kxe3 52. Re5+ Kd3 53. Rxg5 c5 54. a5 c4 55. Rd5+ Ke3 56. Kd1 Rh2 57. Rg5 c3 58. Kc1 Kd3 59. Rd5+ Kc4 60. Rg5 Kb3 61. Rb5+ Ka4 62. Rb6 Kxa5 63. Rb8 Ka4 64. g4 Ka3 65. g5 Rxh3 66. Rb5 Rh2 67. Rb6 Rg2 68. Rb7 Ka4 69. Kd1 Ka5 70. Kc1 Ka6 71. Rb8 Ka7 72. Rc8 Rg3 73. Kc2 Kb7 74. Rc5 Kb6 75. Rf5 Kc6 76. Kb3 Kd6 77. Ra5 Ke6 78. Kc2 Kd6 79. Rb5 Kc6 80. Rb3 Kd5 81. Rxc3 Rg2+ 82. Kb3 Rxg5 83. Rd3+ Kc5 84. Rc3+ Kb5 85. Rd3 Rg2 86. Re3 Rd2 87. Rf3 Rd5 88. Rg3 Rf5 89. Rh3 Rg5 90. Rd3 Rg1 91. Rc3 Rb1+ 92. Kc2 Rg1 93. Kd2 Kb4 94. Rc7 Rg2+ 95. Ke3 Rg3+ 96. Kf4 Rg6 97. Kf3 Rf6+ 98. Ke4 Kb5 99. Ke5 Rf1 100. Re7 Kc5 101. Ke6 Kc6 102. Rf7 Re1+ 103. Kf6 Kd6 104. Kg7 Rg1+ 105. Kf8 Rh1 106. Rf2 Ke6 107. Kg7 Rg1+ 108. Kh6 Ra1 109. Kh5 Ke5 110. Kh4 Rg1 111. Rf7 Rg8 112. Kh5 Ke6 113. Rf3 Rh8+ 114. Kg4 Rb8 115. Kg3 Rb2 0-1


[Site "https://www.chess.com"]

[Event "Titled Tuesday Blitz June 21 Early 2022"]
[White "Migot, Tangi"]
[Black "Bilych, Olexiy"]
[WhiteFideId "662445"]
[BlackFideId "14156504"]
[WhiteElo "2490"]
[BlackElo "2189"]
[Result "1-0"]
[Round "05"]
[TimeControl "180+1"]
[Date "2022.06.22"]
[WhiteClock "0:00:15"]
[BlackClock "0:00:09"]

1. d4 Nf6 2. c4 e6 3. Nc3 Bb4 4. Qc2 O-O 5. e4 d5 6. e5 Ne4 7. a3 Bxc3+ 8. bxc3 c5 9. Bd3 cxd4 10. cxd4 Nc6 11. Ne2 Qa5+ 12. Bd2 Nxd2 13. Qxd2 Qxd2+ 14. Kxd2 dxc4 15. Bxc4 Rd8 16. Ke3 Ne7 17. g4 Bd7 18. Rhc1 Bc6 19. Rab1 Rac8 20. f4 Rc7 21. Bd3 Rdc8 22. Be4 Bxe4 23. Kxe4 f5+ 24. exf6 gxf6 25. Rxc7 Rxc7 26. Rc1 Rxc1 27. Nxc1 Kf7 28. f5 exf5+ 29. gxf5 Nc8 30. a4 Nd6+ 31. Kf4 a5 32. Nb3 b6 33. d5 Ke7 34. Nd4 Nb7 35. Nb5 Nc5 36. Kg4 Nxa4 37. Kh5 Nc5 38. Kh6 Ne4 39. Kxh7 Nd6 40. Nd4 a4 41. Kg6 a3 42. h4 Nb5 43. Nc2 a2 44. h5 Nd4 45. Na1 Ne2 46. h6 Nf4+ 47. Kg7 Nh5+ 48. Kg6 Nf4+ 49. Kg7 Nh5+ 50. Kg8 Ng3 51. h7 Nxf5 52. h8=Q Ne3 53. Qh3 Nxd5 54. Qa3+ Ke6 55. Qxa2 Ke5 56. Nc2 f5 57. Qb2+ Kd6 58. Nb4 Nxb4 59. Qxb4+ Ke5 60. Qxb6 Ke4 61. Qf2 f4 62. Kg7 f3 63. Kg6 Kf4 64. Kf6 Kg4 65. Ke5 Kg5 66. Ke4 Kh5 67. Qxf3+ Kh4 68. Qg2 Kh5 69. Kf5 Kh6 70. Qg6# 1-0


[Site "https://www.chess.com"]

[Event "Titled Tuesday Blitz June 21 Early 2022"]
[White "Mindlin, Alon"]
[Black "Zhigalko, Sergei"]
[WhiteFideId "2800071"]
[BlackFideId "13502956"]
[WhiteElo "2390"]
[BlackElo "2662"]
[Result "1-0"]
[Round "05"]
[TimeControl "180+1"]
[Date "2022.06.21"]
[WhiteClock "0:00:28"]
[BlackClock "0:00:01"]

1. d4 Nf6 2. c4 e6 3. Nf3 b6 4. Nc3 Bb4 5. e3 O-O 6. Bd3 d5 7. O-O Bb7 8. cxd5 exd5 9. Qc2 Re8 10. a3 Bf8 11. b4 a6 12. Ng5 g6 13. f4 c5 14. bxc5 bxc5 15. Rb1 Ra7 16. f5 h6 17. Nf3 g5 18. dxc5 Bxc5 19. Nd4 Nc6 20. Ncb5 Bxd4 21. Nxa7 Bxa7 22. Rxb7 Qd6 23. Qa4 Bxe3+ 24. Bxe3 Rxe3 25. Rb6 Ng4 26. Qxg4 Rxd3 27. Rc1 Qe5 28. Rbxc6 Qe3+ 29. Kh1 Rc3 30. R6xc3 1-0


[Site "https://www.chess.com"]

[Event "Titled Tuesday Blitz June 21 Early 2022"]
[White "Mirzoev, Azer"]
[Black "Ovchinnikov, Vsevolod"]
[WhiteFideId "13400304"]
[BlackFideId "24176842"]
[WhiteElo "2525"]
[BlackElo "2376"]
[Result "0-1"]
[Round "05"]
[TimeControl "180+1"]
[Date "2022.06.22"]
[WhiteClock "0:01:48"]
[BlackClock "0:00:49"]

1. c4 Nf6 2. Nc3 g6 3. e4 d6 4. d4 Bg7 5. f3 Na6 6. Bg5 c5 7. d5 h6 8. Be3 e6 9. Qd2 exd5 10. cxd5 Nc7 11. Nge2 b5 12. Ng3 b4 13. Nd1 h5 14. Bc4 h4 15. Ne2 Nd7 16. Nc1 h3 17. g3 Ne5 18. Be2 Ba6 19. O-O Qc8 20. Bf4 Bxe2 21. Nxe2 Nc4 22. Qc2 Qa6 23. Rc1 Ne5 24. b3 Nd3 25. Rb1 Nxf4 26. Nxf4 Bd4+ 27. Kh1 Qxf1# 0-1


[Site "https://www.chess.com"]

[Event "Titled Tuesday Blitz June 21 Early 2022"]
[White "Mrudul Dehankar"]
[Black "Silvestre, Christian"]
[WhiteFideId "25096990"]
[BlackFideId "30956269"]
[WhiteElo "1766"]
[BlackElo "2437"]
[Result "0-1"]
[Round "05"]
[TimeControl "180+1"]
[Date "2022.06.22"]
[WhiteClock "0:00:01"]
[BlackClock "0:01:29"]

1. e4 c6 2. d4 d5 3. Nd2 a6 4. e5 c5 5. c3 cxd4 6. cxd4 Nc6 7. Ndf3 Bg4 8. h3 Bxf3 9. Nxf3 e6 10. Bd3 Bb4+ 11. Ke2 Nge7 12. a3 Ba5 13. b4 Bb6 14. Bc2 Rc8 15. Re1 Na7 16. Kf1 Qc7 17. Bd3 Nb5 18. Bb2 O-O 19. a4 Na7 20. a5 Nb5 21. axb6 Qxb6 22. Rc1 h6 23. Rc5 Nc6 24. Bxb5 axb5 25. Qd3 Nxb4 26. Qxb5 Qxb5+ 27. Rxb5 Nd3 28. Rd1 Nf4 29. Ba3 Rfe8 30. Rxb7 Rc3 31. Bd6 Rc2 32. Rdb1 Ra8 33. Kg1 Raa2 34. Rb8+ Kh7 35. Rf1 Nd3 36. Rb3 Nxf2 37. Ne1 Re2 38. Rf3 Ne4 39. Rxf7 Ng5 40. Re7 Ra1 41. h4 Ne4 42. Nf3 Raa2 43. Ne1 Ng3 44. Ref7 Nxf1 45. Rxf1 Ra1 46. Nf3 Raa2 47. Ne1 Kg6 48. Bc5 Kh5 49. Kh1 Kg4 50. Nf3 Rxg2 51. Bb4 Kh3 0-1


[Site "https://www.chess.com"]

[Event "Titled Tuesday Blitz June 21 Early 2022"]
[White "Nilssen, Ellen Fredericia"]
[Black "Estrada Nieto, Julian"]
[WhiteFideId "1441230"]
[BlackFideId "5101018"]
[WhiteElo "2094"]
[BlackElo "2252"]
[Result "0-1"]
[Round "05"]
[TimeControl "180+1"]
[Date "2022.06.22"]
[WhiteClock "0:00:06"]
[BlackClock "0:00:12"]

1. Nf3 d5 2. b3 Bg4 3. e3 Nf6 4. Bb2 Nbd7 5. d4 e6 6. Be2 Bd6 7. O-O O-O 8. c4 c6 9. Nc3 Qe7 10. Rc1 Ba3 11. Bxa3 Qxa3 12. Nd2 Bf5 13. g4 Bg6 14. h4 h6 15. f4 Qd6 16. Qe1 Ne4 17. Ncxe4 Bxe4 18. Nxe4 dxe4 19. Qg3 c5 20. Rcd1 Rad8 21. Qg2 Qe7 22. g5 hxg5 23. hxg5 f5 24. gxf6 Nxf6 25. dxc5 Qxc5 26. Qh3 Qf5 27. Qh4 Kf7 28. Kf2 Rh8 29. Qg3 Rxd1 30. Rxd1 Rh3 31. Qg2 Qh7 32. Ke1 Rh2 33. Qg5 Qh3 34. Qc5 Qg3+ 35. Kd2 Ng4 36. Qc7+ Kf6 37. Qd8+ Kg6 38. Qe8+ Kh7 39. Qxe6 Qxe3+ 40. Kc2 Qxf4 41. Rd2 Ne3+ 42. Kc3 Qf6+ 43. Qxf6 gxf6 44. Kd4 Nf1 45. Rb2 Ng3 46. Ke3 Nxe2 47. Rxe2 Rxe2+ 48. Kxe2 f5 49. Ke3 Kg7 50. b4 Kf7 51. a4 Ke7 52. Kf4 Kd6 53. Ke3 a5 54. c5+ Kc6 55. Kd4 axb4 56. Kc4 b3 57. Kxb3 Kxc5 58. Kc3 f4 59. Kd2 e3+ 60. Ke2 Kb4 61. Kf3 Kxa4 0-1


[Site "https://www.chess.com"]

[Event "Titled Tuesday Blitz June 21 Early 2022"]
[White "Nunez V, Gustavo Eduardo"]
[Black "Aradhya, Garg"]
[WhiteFideId "4403690"]
[BlackFideId "25006746"]
[WhiteElo "2228"]
[BlackElo "2203"]
[Result "0-1"]
[Round "05"]
[TimeControl "180+1"]
[Date "2022.06.22"]
[WhiteClock "0:00:09"]
[BlackClock "0:01:32"]

1. e4 e5 2. Nf3 Nc6 3. Bb5 a6 4. Bxc6 bxc6 5. O-O d6 6. d4 exd4 7. Nxd4 Ne7 8. Nc3 c5 9. Nf3 Ng6 10. Re1 Be7 11. Nd5 O-O 12. b3 Re8 13. Bb2 Bf8 14. Qd2 Bg4 15. Qd3 c6 16. Nc3 Qf6 17. Nd1 Qe7 18. h3 Bh5 19. Qe3 Nh4 20. g4 Bg6 21. Nxh4 Qxh4 22. Nc3 d5 23. Qg3 Qxg3+ 24. fxg3 d4 25. Na4 Bxe4 26. Nb6 Rad8 27. Nc4 Bxc2 28. Rac1 d3 29. Nd2 g6 30. Bc3 Bg7 31. Bxg7 Kxg7 32. Kf2 a5 33. Rxe8 Rxe8 34. Re1 Rc8 35. Nc4 a4 36. Nd2 axb3 37. axb3 Rb8 38. Re5 Bxb3 39. Rxc5 Bd5 40. Rc3 Ra8 41. Rxd3 Ra1 42. Ke3 Rg1 43. Kd4 g5 44. h4 gxh4 45. gxh4 Rxg4+ 46. Kc5 Rxh4 47. Nf1 Rc4+ 48. Kd6 Rf4 49. Rg3+ Kf6 50. Ne3 h5 51. Nxd5+ cxd5 52. Kxd5 h4 53. Rg1 h3 54. Rh1 Rh4 55. Rh2 Kf5 56. Rf2+ Rf4 57. Rh2 Kg4 58. Ke5 f6+ 59. Kd5 Kg3 60. Ra2 h2 61. Ra1 Kg2 62. Ra2+ Rf2 63. Ra1 f5 64. Ke5 f4 65. Ke4 h1=Q 66. Rxh1 Kxh1 67. Kd3 Kg2 68. Ke4 f3 69. Ke3 Re2+ 70. Kd3 Re8 71. Kd4 f2 72. Kd5 f1=Q 73. Kd6 Qd1+ 74. Kc6 Rc8+ 75. Kb7 Rc2 76. Ka6 Qb1 77. Ka5 Ra2# 0-1


[Site "https://www.chess.com"]

[Event "Titled Tuesday Blitz June 21 Early 2022"]
[White "Oparin, Grigoriy"]
[Black "Grigorov, Grigor"]
[WhiteFideId "24125890"]
[BlackFideId "2907313"]
[WhiteElo "2639"]
[BlackElo "2510"]
[Result "1-0"]
[Round "05"]
[TimeControl "180+1"]
[Date "2022.06.21"]
[WhiteClock "0:00:43"]
[BlackClock "0:00:05"]

1. d4 Nf6 2. c4 e6 3. Nf3 b6 4. g3 Bb7 5. Bg2 Be7 6. O-O O-O 7. Nc3 Ne4 8. Bd2 Bf6 9. Re1 c5 10. d5 Bxc3 11. Bxc3 d6 12. Rc1 Re8 13. Qd3 exd5 14. cxd5 Ba6 15. Qd1 Nd7 16. b3 Nxc3 17. Rxc3 Qf6 18. Rc2 Re7 19. e3 Rae8 20. Rd2 b5 21. Qc1 Bb7 22. a3 Nb6 23. Red1 Bc8 24. Ne1 Bg4 25. f3 Bd7 26. e4 c4 27. b4 h5 28. Nc2 Qc3 29. Nd4 Qe3+ 30. Rf2 Qxc1 31. Rxc1 g6 32. Rd2 f5 33. Nc6 Rf7 34. exf5 Bxf5 35. f4 a6 36. Kf2 Bd3 37. Bf3 g5 38. Bxh5 Nxd5 39. Bxf7+ Kxf7 40. fxg5 Kg6 41. h4 Rf8+ 42. Kg1 Ne3 43. Nd4 Kh5 44. Re1 Nd5 45. Rf2 Kg4 46. Rxf8 1-0


[Site "https://www.chess.com"]

[Event "Titled Tuesday Blitz June 21 Early 2022"]
[White "Papp, Levente"]
[Black "Namitbir Singh Walia"]
[WhiteFideId "751243"]
[BlackFideId "35071068"]
[WhiteElo "2308"]
[BlackElo "1565"]
[Result "0-1"]
[Round "05"]
[TimeControl "180+1"]
[Date "2022.06.22"]
[WhiteClock "0:00:02"]
[BlackClock "0:00:06"]

1. c4 c5 2. g3 Nc6 3. Bg2 g6 4. Nc3 Bg7 5. e3 e5 6. Nge2 Nge7 7. O-O O-O 8. Rb1 d6 9. a3 a5 10. Nd5 a4 11. Nec3 Qa5 12. b4 axb3 13. Qxb3 f5 14. d3 f4 15. gxf4 exf4 16. Nxe7+ Nxe7 17. Nd5 Nxd5 18. Bxd5+ Kh8 19. exf4 Qd8 20. Bg2 Qh4 21. Bb2 Qxf4 22. Bxg7+ Kxg7 23. Qc3+ Kh6 24. Rbe1 Qf6 25. Qd2+ Kg7 26. Re3 Rxa3 27. Rfe1 Bf5 28. Bxb7 Rf7 29. Bg2 Qd4 30. Rf3 Rxd3 31. Rxd3 Qxd3 32. Qf4 Bh3 33. Qe3 Qxe3 34. Rxe3 Bxg2 35. Kxg2 Rf4 36. Re6 Rd4 37. Re7+ Kh6 38. Rd7 g5 39. Kg3 Kg6 40. f3 h5 41. Rd8 Rd2 42. Rd7 Kf6 43. Rd8 Ke6 44. Rh8 h4+ 45. Kg4 Rg2+ 46. Kh5 Kf6 47. Rf8+ Kg7 48. Rd8 Rxh2 49. Rxd6 Rc2 50. Kxg5 Rxc4 51. Rd7+ Kf8 52. f4 h3 53. Rh7 Rc3 54. Kf6 Kg8 55. Rh6 Rg3 56. f5 c4 57. Rh4 c3 58. Ke7 Re3+ 59. Kd6 c2 60. Rc4 h2 61. Rg4+ Kf7 0-1


[Site "https://www.chess.com"]